 Dungeon Crawl Stone Soup version 0.20.1-1-g8b1a95d (webtiles) character file.

1347 Kunitse the Slicer (level 8, -7/53 HPs)
             Began as a Kobold Berserker on Oct 8, 2017.
             Was an Elder of Trog.
             Splashed by a jelly's acid (12 damage)
             ... on level 5 of the Dungeon.
             The game lasted 00:21:35 (4446 turns).

Kunitse the Slicer (Kobold Berserker)               Turns: 4446, Time: 00:21:36

Health: -7/53      AC: -4    Str: 15    XL:     8   Next: 94%
Magic:  8/8        EV: 13    Int:  8    God:    Trog [****..]
Gold:   213        SH:  0    Dex: 16    Spells: 7/7 levels left

rFire    . . .     SeeInvis .   b - +4 short sword
rCold    . . .     Gourm    +   (shield restricted)
rNeg     . . .     Faith    .   a - +0 scale mail (curse)
rPois    .         Spirit   .   (no helmet)
rElec    .         Reflect  .   (no cloak)
rCorr    .         Harm     .   (no gloves)
MR       ++...                  (no boots)
Stlth    ..........             t - amulet of the gourmand
Regen    1.2/turn               (no ring)
MPRegen  0.2/turn               (no ring)

@: corroded, berserk cooldown, regenerating, slowed, drained, very slow
A: carnivore 3
a: Berserk, Trog's Hand, Brothers in Arms, Burn Spellbooks, Renounce Religion


You were on level 5 of the Dungeon.
You worshipped Trog.
Trog was greatly pleased with you.
You were very full.

You visited 1 branch of the dungeon, and saw 5 of its levels.
You also visited: Sewer.

You collected 213 gold pieces.

Inventory:

Hand Weapons
 b - a +4 short sword (weapon)
 j - a +1 short sword of draining
 z - a +3 falchion
Armour
 a - a cursed +0 scale mail (worn)
 d - a +0 ring mail
Jewellery
 t - an amulet of the gourmand (around neck)
Scrolls
 e - 8 scrolls of identify {unknown}
 g - 2 scrolls of teleportation {unknown}
 i - 2 scrolls of fear {unknown}
 l - 2 scrolls of recharging {unknown}
 n - a scroll of amnesia {unknown}
 o - 2 scrolls of remove curse
 y - a scroll of magic mapping {unknown}
Potions
 k - 2 potions of invisibility {unknown}
 m - 7 potions of heal wounds
 p - 2 potions of might {unknown}
 u - a potion of resistance {unknown}
 v - 2 potions of brilliance {unknown}
 w - 3 potions of flight {unknown}
 x - 3 potions of curing {unknown}
Comestibles
 c - 3 meat rations
 f - 7 royal jellies


   Skills:
 + Level 7.3(7.0) Fighting
 + Level 8.7(8.3) Short Blades
 + Level 5.0(4.7) Armour
 - Level 2.7(2.4) Dodging


You had 7 spell levels left.
You didn't know any spells.

Dungeon Overview and Level Annotations

Branches:
Dungeon (5/15)
 Temple: D:4-7

Altars:

Shops:
D:5 =


Innate Abilities, Weirdness & Mutations

You are small and have problems with some larger weapons.
You are carnivorous and can eat meat at any time.


Message History

You hit the jelly but do no damage.
Your hands burn!
The jelly is heavily wounded.
The jelly hits you.
You are splashed with acid!
The acid burns!
Your scale mail prevents you from hitting the jelly.
The jelly is heavily wounded.
The jelly misses you.
You hit the jelly but do no damage.
Your hands burn!
* * * LOW HITPOINT WARNING * * *
The jelly is heavily wounded.
The jelly barely misses you.
Your skin crawls.
You feel resistant to hostile enchantments.
You feel somewhat less full. The jelly hits you.
* * * LOW HITPOINT WARNING * * *
You are splashed with acid!
The acid burns!
* * * LOW HITPOINT WARNING * * *
The jelly hits you.
* * * LOW HITPOINT WARNING * * *
The acid corrodes you!
You are splashed with acid!
The acid burns!
You die...

... #. #..# #. #..#
.. ## ...# #. .. #..#
#. #. #..###### #.
#..####$.##...###.##.
#..J@..........##%...
#.#####.........#..##
#............
####.......>.#
.............##
.....##.8...## ####.
#..#......### #.
#..#########>
#.##.∩#.........


You could see a jelly.

Vanquished Creatures
  Grinder (D:5)
  A phantom (D:4)
  3 big kobolds (Sewer)
  A bullfrog (D:4)
  A gnoll sergeant (D:5)
  A scorpion (D:4)
  5 wights (D:5)
  A bullfrog zombie (D:5)
  An orc priest (D:4)
  2 hounds (D:5)
  3 orc wizards (D:4)
  An iguana (D:4)
  2 worker ants
  5 gnolls (D:5)
  4 adders
  3 oozes (Sewer)
  An adder skeleton (D:4)
  2 worms (D:2)
  2 dart slugs
  6 leopard geckos
  3 orcs (D:4)
  13 giant cockroaches
  6 goblins
  6 hobgoblins
  4 jackals (D:3)
  2 quokkas
  3 ball pythons
  10 bats
  4 frilled lizards
  20 kobolds
  5 rats
122 creatures vanquished.

Notes
Turn   | Place    | Note
-------+----------+-------------------------------------------
     0 | D:1      | Kunitse the Kobold Berserker began the quest for the Orb.
     0 | D:1      | Reached XP level 1. HP: 14/14 MP: 1/1
     7 | D:1      | Noticed a minotaur zombie
     8 | D:1      | Noticed a minotaur zombie
    17 | D:1      | Noticed a merfolk zombie
   344 | D:1      | Reached XP level 2. HP: 19/19 MP: 2/2
   886 | D:2      | Reached XP level 3. HP: 23/23 MP: 3/3
  1034 | D:2      | Reached ** piety under Trog
  1199 | D:2      | Reached XP level 4. HP: 28/29 MP: 4/4
  2558 | D:4      | Reached skill level 5 in Short Blades
  2558 | D:4      | Reached XP level 5. HP: 34/34 MP: 5/5
  2814 | D:4      | Reached XP level 6. HP: 40/40 MP: 6/6
  2817 | D:4      | Reached skill level 5 in Fighting
  2983 | D:4      | Reached *** piety under Trog
  2986 | D:4      | Found a glowing drain.
  2996 | Sewer    | Entered a sewer
  3123 | Sewer    | Reached skill level 6 in Short Blades
  3239 | Sewer    | Reached XP level 7. HP: 38/44 MP: 7/7
  3495 | D:4      | Reached skill level 7 in Short Blades
  3640 | D:4      | Reached XP level 8. HP: 31/51 MP: 8/8
  3913 | D:5      | Entered Level 5 of the Dungeon
  3977 | D:5      | Reached **** piety under Trog
  4056 | D:5      | Reached skill level 8 in Short Blades
  4395 | D:5      | Found Fepn's Jewellery Boutique.
  4409 | D:5      | Noticed Grinder
  4421 | D:5      | Killed Grinder
  4421 | D:5      | Reached skill level 5 in Armour
  4446 | D:5      | Splashed by a jelly's acid

Skill      XL: |  1  2  3  4  5  6  7  8 |
---------------+-------------------------+-----
Armour         | 2 3 4 5 |  5.0
Fighting       | 4 5 6 7 |  7.3
Short Blades   | 5 6 7 8 |  8.7
Dodging        | |  2.7

Action                   |  1- 3 |  4- 6 |  7- 9 || total
-------------------------+-------+-------+-------++-------
Melee: Short sword       |   119 |   161 |   190 ||   470
Invok: Berserk           |     1 |     2 |     5 ||     8
       Trog's Hand       |       |       |     2 ||     2
  Use: Potion            |       |     1 |     3 ||     4
       Scroll            |       |       |     1 ||     1
  Eat: Chunk             |     9 |    10 |     7 ||    26
Armor: Animal skin       |     2 |       |       ||     2
       Ring mail         |    18 |    42 |    30 ||    90
       Skin              |       |     2 |       ||     2
Dodge: Dodged            |    82 |   122 |   134 ||   338
